cohdb
Replays
Latest Replays
All Replays
Popular Replays
Top Player Replays
Match Explorer
How It Works
Community
CoH3 Stats
Reddit
Sign in to upload your games and track your stats! →
Sign in with Steam
Match 41227563
Unlisted
Match 41227563
Overview
Messages
Build Orders
End
Construct Barracks
Riflemen Squad
Riflemen Squad
Riflemen Squad
Infantry Support Center
Selects Advanced Infantry Battlegroup
Selects Convert to Ranger Squad
Convert to Ranger Squad
Selects Frontline Medical Station
Engineer Squad
Advanced Logistics
Convert to Ranger Squad
Survival Training
Convert to Ranger Squad
Munitions Surplus
Selects Infantry Assault
Infantry Assault
Selects Ammunition Storage
Selects Ammunition Storage
Construct Tank Depot
Selects M2A1 105mm Howitzer Emplacement
Ranger Squad
Selects 155mm Rapid Artillery Barrage
Selects 155mm Rapid Artillery Barrage
M18 Hellcat Tank Destroyer
Infantry Assault
Construct Weapon Support Center
155mm Rapid Artillery Barrage
M18 Hellcat Tank Destroyer
FJXddddd
Agua de Jamaica
The Boogyman
Laffey
SingendeLeiche
Schrödinger`s Cat
0
0
Comments
sign in to comment!
No comments posted yet!